 Dungeon Crawl Stone Soup version 0.29-a0-664-gff9cad4a3d (webtiles) character file.

Game seed: 12901144538694045683

26830 dolemite99 the Thaumaturge (level 13, -10/103 HPs)
             Began as a Gnoll Earth Elementalist on June 23, 2022.
             Was an Elder of Ashenzari.
             Mangled by a chaos spawn (11 damage)
             ... while paralysed by a chaos spawn
             ... on level 2 of the Abyss.
             The game lasted 00:31:22 (22195 turns).

dolemite99 the Thaumaturge (GnEE)                  Turns: 22195, Time: 00:31:22

Health: -10/103    AC: 18    Str:  6      XL:     13   Next: 28%
Magic:  6/28       EV:  2    Int: 21 (22) God:    Ashenzari [****..]
Gold:   633        SH:  0    Dex: 13      Spells: 8/35 levels left

rFire   . . .      SeeInvis +   a - staff of earth
rCold   . . .      Faith    .   i - orb "Circumscribed Together" {light, Melee, Evo} (curse)
rNeg    . . .      Spirit   .   I - +0 swamp dragon scales of the Eye in the Sky {rPois, Bglg, Evo} (curse)
rPois   +          Reflect  .   h - +0 hat of Ashenzari's Blue Moon {Int+3, Range, Cun} (curse)
rElec   .          Harm     .   w - +1 cloak "Vision of Ashenzari" {Self, Fort} (curse)
rCorr   .          Rampage  .   B - +0 pair of gloves of the Sublime Sage {Evo, Cun} (curse)
Will    .....      Clarity  +   (no boots)
Stlth   ++........              (no amulet)
HPRegen 0.00/turn               p - ring of wizardry
MPRegen 0.21/turn               s - ring of the Enlightened Loss {AC+4, Cun, Bglg} (curse)

@: paralysed, inhibited regen, glowing
A: fangs 1, strong nose, distributed training, inhibited regeneration, weak 1,
[screaming 2]
a: Renounce Religion, Curse Item, Shatter the Chains


You were on level 2 of the Abyss.
You worshipped Ashenzari.
Ashenzari was greatly pleased with you.
You visited 2 branches of the dungeon, and saw 15 of its levels.
You visited the Abyss 1 time.

You collected 1191 gold pieces.
You spent 558 gold pieces at shops.

Inventory:

Hand Weapons
 b - a +2 hunting sling of freezing
 e - a +0 rapier
 y - a +6 flail of venom
Missiles
 D - 36 poisoned darts
 Q - 2 datura-tipped darts
Armour
 h - the cursed +0 hat of Ashenzari's Blue Moon (worn) {Int+3, Range, Cun}
   (You took it off Gastronok on level 1 of the Lair of Beasts)

   It has a curse which improves the following skills: Ranged Combat: Slings,
   Bows, Crossbows and Throwing.
   Cunning:   Dodging and Stealth.
 i - the cursed orb "Circumscribed Together" (worn) {light, Melee, Evo}
   (You found it on level 2 of the Dungeon)

   It has a curse which improves the following skills: Melee Combat: Short
   Blades, Long Blades, Axes, Maces & Flails, Polearms, Staves and Unarmed
   Combat.
   Evocations: Evocations.
 t - a +0 kite shield
 w - the cursed +1 cloak "Vision of Ashenzari" (worn) {Self, Fort}
   (You found it on level 8 of the Dungeon)

   It has a curse which improves the following skills: Introspection: Fighting
   and Spellcasting.
   Fortitude: Armour and Shields.
 B - the cursed +0 pair of gloves of the Sublime Sage (worn) {Evo, Cun}
   (You found it on level 7 of the Dungeon)

   It has a curse which improves the following skills: Evocations: Evocations.
   Cunning:   Dodging and Stealth.
 I - the cursed +0 swamp dragon scales of the Eye in the Sky (worn) {rPois, Bglg, Evo}
   (You took it off Maggie on level 7 of the Dungeon)

   rPois:     It protects you from poison.
   It has a curse which improves the following skills: Beguiling: Conjurations,
   Hexes and Translocations.
   Evocations: Evocations.
Magical Staves
 a - a staff of earth (weapon)
Jewellery
 c - a +6 ring of dexterity
 m - a ring of ice
 p - a ring of wizardry (left hand)
 s - the cursed ring of the Enlightened Loss (right hand) {AC+4, Cun, Bglg}
   (You found it on level 3 of the Dungeon)

   [ring of protection]

   AC:        It affects your AC (+4).
   It has a curse which improves the following skills: Cunning: Dodging and
   Stealth.
   Beguiling: Conjurations, Hexes and Translocations.
 C - a ring of protection from fire
 N - an amulet of the acrobat
Wands
 F - a wand of charming (6)
 G - a wand of digging (3)
 J - a wand of iceblast (10)
 R - a wand of light (7)
 T - a wand of polymorph (5)
 U - a wand of mindburst (10)
 V - a wand of flame (33)
Scrolls
 f - 3 scrolls of teleportation
 g - a scroll of poison
 o - 3 scrolls of immolation
 r - 5 scrolls of fog
 z - a scroll of enchant armour
 L - a scroll of vulnerability
 P - 3 scrolls of fear
 X - a scroll of silence
 Y - a scroll of amnesia
Potions
 d - 4 potions of attraction
 j - 5 potions of flight
 l - a potion of brilliance
 n - a potion of degeneration
 q - 6 potions of curing
 u - 2 potions of lignification
 v - 4 potions of magic
 A - a potion of resistance
 E - a potion of ambrosia
 K - a potion of might
 O - 2 potions of haste
 S - a potion of cancellation
 W - a potion of berserk rage
Miscellaneous
 x - a phantom mirror
 H - a lightning rod (4/4)


   Skills:
 + Level 8.1(10.2) Fighting
 + Level 8.1(10.2) Short Blades
 + Level 8.1(10.2) Long Blades
 + Level 8.1(10.2) Axes
 + Level 8.1(10.2) Maces & Flails
 + Level 8.1(10.2) Polearms
 + Level 8.1(10.2) Staves
 + Level 8.1(10.2) Slings
 + Level 8.1(10.2) Bows
 + Level 8.1(10.2) Crossbows
 + Level 8.1(10.2) Throwing
 + Level 8.1(10.2) Armour
 + Level 9.4(13.3) Dodging
 + Level 9.2(13.1) Stealth
 + Level 8.1(10.2) Shields
 + Level 8.1(10.2) Unarmed Combat
 + Level 9.6(11.6) Spellcasting
 + Level 6.8(9.8) Conjurations
 + Level 6.8(9.8) Hexes
 + Level 6.8 Summonings
 + Level 6.8 Necromancy
 + Level 6.8(9.8) Translocations
 + Level 7.1 Transmutations
 + Level 6.8 Fire Magic
 + Level 6.8 Ice Magic
 + Level 6.8 Air Magic
 + Level 8.8 Earth Magic
 + Level 6.8 Poison Magic
 + Level 8.9 Invocations
 + Level 8.1(12.0) Evocations


You had 8 spell levels left.
You knew the following spells:

 Your Spells              Type           Power      Damage    Failure   Level
a - Stone Arrow           Conj/Erth      100%       3d13      1%          3
b - Borgnjor's Vile Clut  Necr/Erth      30%        N/A       8%          5
c - Iskenderun's Battles  Conj           52%        2d10      3%          5
d - Animate Dead          Necr           40%        N/A       4%          4
e - Cause Fear            Hex            26%        N/A       1%          4
f - Petrify               Tmut/Erth      62%        N/A       2%          4
g - Passwall              Tmut/Erth      51%        N/A       1%          2

Your spell library contained the following spells:

 Spells                   Type           Power      Damage    Failure   Level
 Apportation              Tloc           100%       N/A       1%          1
 Necrotize                Necr           100%       1d9       1%          1
 Sandblast                Erth           100%       2d20      1%          1
 Shock                    Conj/Air       100%       1d9       1%          1
 Slow                     Hex            100%       N/A       1%          1
 Sting                    Tmut/Pois      100%       1d8       1%          1
 Summon Small Mammal      Summ           100%       N/A       1%          1
 Ensorcelled Hibernation  Hex/Ice        94%        N/A       1%          2
 Inner Flame              Hex/Fire       47%        N/A       1%          3
 Spider Form              Tmut/Pois      41%        N/A       1%          3
 Teleport Other           Tloc           52%        N/A       1%          3
 Anguish                  Hex/Necr       23%        N/A       2%          4
 Iron Shot                Conj/Erth      33%        9d7       21%         6
 Death Channel            Necr           20%        N/A       50%         6
 Spellforged Servitor     Conj/Summ      23%        N/A       85%         7
 Discord                  Hex            26%        N/A       99%         8


Dungeon Overview and Level Annotations

Branches:
Dungeon (11/15)            Temple (0/1) D:4            Lair (4/6) D:10
 Shoals (0/4) Lair:4        Snake (0/4) Lair:3          Orc (0/2) D:10

Altars:
Ashenzari
Dithmenos
Gozag
Kikubaaqudgha
Qazlal
Sif Muna
Trog
Wu Jian
Xom
Zin
The Shining One

Shops:
D:5 *   D:7 [

Portals:
Trove: D:10 (give 12 potions of heal wounds)

Annotations:
D:3 3 runed translucent doors, DocClef's ghost, amateur GnFi
Lair:4 Sonja


Innate Abilities, Weirdness & Mutations

You have very sharp teeth.
Your uncanny sense of smell can sniff out nearby items.
Your experience applies equally to all skills.
You do not regenerate when monsters are visible.
You are weak. (Str -2)
[You frequently scream uncontrollably at your foes.]


Message History

Casting: Stone Arrow (safe; 1% risk of failure)
Confirm with . or Enter, or press ? or * to list all spells.
Aiming: Stone Arrow (safe; 1% risk of failure)
Press: ? - help, Shift-Dir - straight line, f/p - wretched star
Aim: a wretched star (heavily damaged, haloed, 84% to hit)
You feel a surge of power!
The stone arrow hits the wretched star!
The wretched star is severely damaged.
The chaos spawn roars deafeningly!
The wretched star glows turbulently.
The lance of force hits you!!
* * * LOW HITPOINT WARNING * * *
You are knocked back by the lance of force.
You slam into the crystal wall!
The wretched star pulses with an eldritch light!
You feel the urge to shout.
You feel a strong urge to scream.
Casting: Stone Arrow (safe; 1% risk of failure)
Confirm with . or Enter, or press ? or * to list all spells.
Aiming: Stone Arrow (safe; 1% risk of failure)
Press: ? - help, Shift-Dir - straight line, f/p - wretched star
Aim: a wretched star (heavily damaged, 78% to hit)
You feel a surge of power!
The stone arrow hits the wretched star!!
The wretched star is almost destroyed.
Casting: Stone Arrow (safe; 1% risk of failure)
Confirm with . or Enter, or press ? or * to list all spells.
Aiming: Stone Arrow (safe; 1% risk of failure)
Press: ? - help, Shift-Dir - straight line, f/p - wretched star
Aim: a wretched star (almost destroyed, haloed, 84% to hit)
You feel a surge of power!
The stone arrow hits the wretched star!!
You destroy the wretched star!
The chaos spawn gores you!
* * * LOW HITPOINT WARNING * * *
You suddenly lose the ability to move!
The chaos spawn hits you!
* * * LOW HITPOINT WARNING * * *
The chaos spawn shocks you!
* * * LOW HITPOINT WARNING * * *
The chaos spawn gores you!
You die...

* * *** *, , *, * ,
,, ##* , **** , * *
,#. ,,, ##* , , * ,
* , #. *,..#.,****
, * , #.* #....,,
,*, * , ###. , ....
* , , , ....##..
### , * ,
,,#..##.##.##*.. #,
* * ,
****#...@4#.#.##. ,
, , ,,
***#......#..,.# ,
* , , * ,
#.##.#......# ,, ,*
**** #
#........##,, * *,
* *
*...##.....#...#*
*, ,*,
,,......#.#...###,,
, , ,
*#.#..#..#..#. ,,,*
,* *,.##....
#.#.#.. ** , *
*.....#....#. #,


You could see a chaos spawn.

Vanquished Creatures
  Gastronok (Lair:1)
  Fannar (Lair:1)
  A boulder beetle (D:11)
  3 two-headed ogres
  A wretched star (Abyss:2)
  Pikel (D:7)
  A cyclops (D:8)
  2 elephants (Lair:2)
  A manticore (D:7)
  4 black mambas
  Joseph (D:7)
  6 cane toads
  A gargoyle (D:7)
  Maggie (D:7)
  2 kobold demonologists (D:11)
  10 komodo dragons
  Psyche (D:8)
  2 polar bears
  Prince Ribbit (D:8)
  A troll (D:10)
  10 blink frogs (Lair:1)
  2 hornets
  A wyvern (Lair:2)
  3 shadows
  3 basilisks
  Grum (D:8)
  3 vampire mosquitoes (D:11)
  2 steam dragons
  Menkaure (D:7)
  Edmund (D:4)
  2 acid dragons
  9 water moccasins
  3 ice beasts
  3 orc warriors
  4 sky beasts
  3 black bears
  11 wolves
  4 centaurs
  An ogre (D:5)
  A lemure (D:8)
  A phantom (D:6)
  4 kobold brigands
  9 bullfrogs
  A gnoll sergeant (D:7)
  5 scorpions
  14 wights
  13 killer bees
  An electric eel (Lair:4)
  3 howler monkeys (D:11)
  An orc priest (D:4)
  A gnoll shaman (D:5)
  9 hounds
  2 jellies (D:4)
  5 iguanas
  5 orc wizards
  A mummy (D:4)
  15 gnolls
  6 adders
  2 shadow imps
  A white imp (D:3)
  An ufetubus (Abyss:2)
  5 worms
  2 dart slugs
  32 orcs
  A bat (D:2)
  9 endoplasms
  2 giant cockroaches
  4 goblins
  4 hobgoblins
  6 jackals
  12 kobolds
  4 quokkas
  9 ball pythons
  3 frilled lizards
  A hobgoblin zombie (D:4)
  2 kobold zombies (D:4)
  An orc zombie (D:4)
  5 rats
312 creatures vanquished.

Vanquished Creatures (collateral kills)
  An elephant (Lair:2)
  A cane toad (Lair:2)
  A basilisk (Lair:2)
  2 wolves (Lair:2)
  A bullfrog (Lair:2)
6 creatures vanquished.

Vanquished Creatures (others)
  An elephant zombie (Lair:2)
  An ufetubus (Abyss:2)
  A bush (Lair:1)
  7 fungi
  29 plants
  13 starspawn tentacles (Abyss:2)
52 creatures vanquished.

Grand Total: 370 creatures vanquished

Notes
Turn   | Place    | Note
-------+----------+-------------------------------------------
     0 | D:1      | dolemite99 the Gnoll Earth Elementalist began the quest for
                  | the Orb.
     0 | D:1      | Reached XP level 1. HP: 13/13 MP: 6/6
   131 | D:1      | Reached XP level 2. HP: 19/19 MP: 5/7
   561 | D:1      | Reached XP level 3. HP: 13/25 MP: 0/9
   946 | D:1      | Reached skill level 5 in Spellcasting
  1420 | D:2      | Reached skill level 1 in Invocations
  1536 | D:2      | Found a broken altar of Ashenzari.
  1544 | D:2      | Became a worshipper of Ashenzari the Shackled
  1550 | D:2      | Reached skill level 1 in Fighting
  1550 | D:2      | Reached skill level 1 in Short Blades
  1550 | D:2      | Reached skill level 1 in Long Blades
  1550 | D:2      | Reached skill level 1 in Axes
  1550 | D:2      | Reached skill level 1 in Maces & Flails
  1550 | D:2      | Reached skill level 1 in Polearms
  1550 | D:2      | Reached skill level 1 in Staves
  1550 | D:2      | Reached skill level 1 in Slings
  1550 | D:2      | Reached skill level 1 in Bows
  1550 | D:2      | Reached skill level 1 in Crossbows
  1550 | D:2      | Reached skill level 1 in Throwing
  1550 | D:2      | Reached skill level 1 in Armour
  1550 | D:2      | Reached skill level 1 in Shields
  1550 | D:2      | Reached skill level 1 in Unarmed Combat
  1550 | D:2      | Reached skill level 1 in Evocations
  1620 | D:2      | Reached XP level 4. HP: 32/32 MP: 8/11
  2136 | D:2      | Found a faded altar of an unknown god.
  2172 | D:3      | Learned a level 3 spell: Stone Arrow
  2175 | D:3      | Learned a level 2 spell: Passwall
  2189 | D:3      | Reached skill level 1 in Conjurations
  2189 | D:3      | Reached skill level 1 in Hexes
  2189 | D:3      | Reached skill level 1 in Summonings
  2189 | D:3      | Reached skill level 1 in Necromancy
  2189 | D:3      | Reached skill level 1 in Translocations
  2189 | D:3      | Reached skill level 1 in Fire Magic
  2189 | D:3      | Reached skill level 1 in Ice Magic
  2189 | D:3      | Reached skill level 1 in Air Magic
  2189 | D:3      | Reached skill level 1 in Poison Magic
  2310 | D:3      | Found a bloodstained altar of Trog.
  2702 | D:3      | Found a runed translucent gate.
  2702 | D:3      | Found an opulent altar of Gozag.
  2703 | D:3      | Found a runed translucent gate.
  2703 | D:3      | Found a runed translucent gate.
  2703 | D:3      | Noticed an ice beast
  2704 | D:3      | Noticed DocClef's ghost (amateur GnFi)
  2731 | D:3      | Reached XP level 5. HP: 37/37 MP: 10/12
  2822 | D:3      | Found a shadowy altar of Dithmenos.
  3334 | D:4      | Noticed Edmund
  3422 | D:4      | Noticed a black bear
  3424 | D:4      | Killed a black bear
  3425 | D:4      | Reached skill level 5 in Dodging
  3425 | D:4      | Reached XP level 6. HP: 44/44 MP: 7/14
  4229 | D:4      | Reached XP level 7. HP: 50/50 MP: 15/15
  4281 | D:4      | Found a glowing silver altar of Zin.
  4437 | D:4      | Found a staircase to the Ecumenical Temple.
  4633 | D:4      | Killed Edmund
  5437 | D:5      | Entered Level 5 of the Dungeon
  5495 | D:4      | Reached skill level 5 in Stealth
  5975 | D:5      | Found Fepleown's Gadget Gallery.
  6081 | D:5      | Found an ancient bone altar of Kikubaaqudgha.
  6552 | D:5      | Reached XP level 8. HP: 57/57 MP: 14/16
  7158 | D:5      | Found an ornate altar of the Wu Jian Council.
  7532 | D:6      | Reached * piety under Ashenzari
  7638 | D:6      | Identified A Beginning Course on the Arcane Arts
  8264 | D:6      | Reached XP level 9. HP: 60/65 MP: 13/18
  8366 | D:6      | Found a stormy altar of Qazlal.
  8825 | D:5      | Bought a lightning rod (4/4) for 330 gold pieces
  9002 | D:7      | Noticed Maggie
  9002 | D:7      | Noticed Menkaure
  9006 | D:7      | Killed Menkaure
  9007 | D:7      | Killed Maggie
  9099 | D:7      | Reached ** piety under Ashenzari
  9105 | D:7      | Learned a level 4 spell: Petrify
  9390 | D:7      | Found Ziusimul's Antique Armour Shop.
  9440 | D:7      | Noticed Joseph
  9465 | D:7      | Killed Joseph
  9765 | D:7      | Found a broken altar of Ashenzari.
  9769 | D:7      | Found a shimmering altar of Xom.
  9796 | D:7      | Reached skill level 5 in Invocations
  9979 | D:7      | Reached XP level 10. HP: 63/73 MP: 13/20
  9984 | D:7      | Learned a level 4 spell: Cause Fear
 10063 | D:7      | Reached skill level 5 in Fighting
 10063 | D:7      | Reached skill level 5 in Short Blades
 10063 | D:7      | Reached skill level 5 in Long Blades
 10063 | D:7      | Reached skill level 5 in Axes
 10063 | D:7      | Reached skill level 5 in Maces & Flails
 10063 | D:7      | Reached skill level 5 in Polearms
 10063 | D:7      | Reached skill level 5 in Staves
 10063 | D:7      | Reached skill level 5 in Slings
 10063 | D:7      | Reached skill level 5 in Bows
 10063 | D:7      | Reached skill level 5 in Crossbows
 10063 | D:7      | Reached skill level 5 in Throwing
 10063 | D:7      | Reached skill level 5 in Armour
 10063 | D:7      | Reached skill level 5 in Shields
 10063 | D:7      | Reached skill level 5 in Unarmed Combat
 10063 | D:7      | Reached skill level 5 in Evocations
 10340 | D:7      | Noticed a manticore
 10341 | D:7      | Identified An Early Guide to the Arcane Arts
 10342 | D:7      | Noticed a gargoyle
 10344 | D:7      | Killed a manticore
 10347 | D:7      | Killed a gargoyle
 10706 | D:8      | Noticed Pikel
 10719 | D:7      | Killed Pikel
 10720 | D:7      | Reached skill level 5 in Transmutations
 11153 | D:8      | Noticed Psyche
 11156 | D:8      | Killed Psyche
 11195 | D:8      | Noticed Prince Ribbit
 11218 | D:8      | Killed Prince Ribbit
 11829 | D:8      | Noticed Grum
 11837 | D:8      | Killed Grum
 11838 | D:8      | Reached XP level 11. HP: 68/81 MP: 16/22
 11840 | D:8      | Noticed a cyclops
 11858 | D:8      | Killed a cyclops
 12445 | D:8      | Reached skill level 5 in Conjurations
 12445 | D:8      | Reached skill level 5 in Hexes
 12445 | D:8      | Reached skill level 5 in Summonings
 12445 | D:8      | Reached skill level 5 in Necromancy
 12445 | D:8      | Reached skill level 5 in Translocations
 12445 | D:8      | Reached skill level 5 in Fire Magic
 12445 | D:8      | Reached skill level 5 in Ice Magic
 12445 | D:8      | Reached skill level 5 in Air Magic
 12445 | D:8      | Reached skill level 5 in Poison Magic
 12992 | D:9      | Found a shimmering blue altar of Sif Muna.
 12993 | D:9      | Noticed a two-headed ogre
 12996 | D:9      | Killed a two-headed ogre
 13189 | D:9      | Reached *** piety under Ashenzari
 13398 | D:9      | Found a glowing golden altar of the Shining One.
 13730 | D:10     | Entered Level 10 of the Dungeon
 13821 | D:10     | Noticed a two-headed ogre
 13826 | D:10     | Killed a two-headed ogre
 13892 | D:10     | Found a staircase to the Lair.
 14383 | D:10     | Found a staircase to the Orcish Mines.
 14544 | D:10     | Found a portal to a secret trove of treasure.
 14776 | D:11     | Found a shimmering altar of Xom.
 14776 | D:11     | Found a shimmering altar of Xom.
 14777 | D:11     | Found a shimmering altar of Xom.
 14777 | D:11     | Found a shimmering altar of Xom.
 14779 | D:11     | Found a shimmering altar of Xom.
 14779 | D:11     | Found a shimmering altar of Xom.
 14849 | D:11     | Noticed a boulder beetle
 14850 | D:11     | Noticed a two-headed ogre
 14854 | D:11     | Killed a boulder beetle
 14858 | D:11     | Killed a two-headed ogre
 15945 | D:11     | Noticed a sixfirhy
 15953 | D:11     | Reached XP level 12. HP: 49/94 MP: 21/26
 16358 | D:7      | Bought a glowing cloak for 157 gold pieces
 16483 | D:5      | Bought a wand of flame (11) for 71 gold pieces
 16616 | Lair:1   | Entered Level 1 of the Lair of Beasts
 17003 | Lair:1   | Learned a level 4 spell: Animate Dead
 17009 | Lair:1   | Learned a level 5 spell: Borgnjor's Vile Clutch
 17062 | Lair:1   | Noticed Gastronok
 17072 | Lair:1   | Killed Gastronok
 17239 | D:10     | Reached **** piety under Ashenzari
 17404 | Lair:1   | Found a glowing silver altar of Zin.
 17597 | Lair:1   | Noticed Fannar
 17606 | Lair:1   | Killed Fannar
 19201 | Lair:2   | Found a dark tunnel.
 19543 | Lair:2   | Reached XP level 13. HP: 103/103 MP: 19/28
 19613 | Lair:2   | Learned a level 5 spell: Iskenderun's Battlesphere
 20240 | Lair:3   | Found a staircase to the Snake Pit.
 21862 | Lair:4   | Noticed Sonja
 21867 | Lair:4   | Cast into level 2 of the Abyss (Sonja)
 21883 | Abyss:2  | Noticed a starcursed mass
 21891 | Abyss:2  | Gained mutation: You do not regenerate when monsters are
                  | visible. [a neqoxec]
 21892 | Abyss:2  | Noticed a tentacled starspawn
 21893 | Abyss:2  | Gained mutation: You are weak. (Str -2) [a neqoxec]
 22063 | Abyss:2  | Noticed a starcursed mass
 22077 | Abyss:2  | Noticed a tentacled starspawn
 22097 | Abyss:2  | Noticed a green death
 22183 | Abyss:2  | Noticed an angel
 22193 | Abyss:2  | Paralysed by a chaos spawn for 5 turns
 22194 | Abyss:2  | HP: 1/103 [chaos spawn (7)]
 22195 | Abyss:2  | Mangled by a chaos spawn

Illustrated notes

Levels and vault maps discovered:
D:1:      amcnicky_arrival_double_pillar, layout_basic
D:2:      layout_basic, basic_altar, shapermc_ecumenical_altar_petra
D:3:      layout_loops_ring, mainiacjoe_overflow_alcove_1, trog_butcher_becter,
          ebering_ghost_gozag
D:4:      layout_basic, mainiacjoe_overflow_six_doors_small,
          minmay_temple_entry_proselytizer,
          hangedman_abyss_or_decor_lesser_grid, minmay_mini_ossuary, uniq_edmund
D:5:      layout_basic, lemuel_tele_altar, mainiacjoe_overflow_tiny_flanked,
          hellmonk_bongcloud_opening, nicolae_shop_gadgets
D:6:      layout_cave_pods, nicolae_qazlal_eye_of_the_storm
D:7:      kennysheep_windowed_halls, layout_loops_ring,
          mainiacjoe_overflow_catwalk_spiral, serial_shops,
          nicolae_shop_competitors_out_of_business, uniq_maggie, uniq_menkaure,
          uniq_joseph
D:8:      layout_basic, uniq_prince_ribbit1, uniq_grum, uniq_pikel, uniq_psyche
D:9:      layout_rooms, mainiacjoe_overflow_alcove_2, lemuel_crystal_altar,
          kennysheep_nondescript, dreamdust_princess_bridge,
          lemuel_flamethrower_1
D:10:     layout_rooms, dpeg_oklobed_lair, enter_trove_6
D:11:     layout_rooms, xom_redecorated
Lair:1:   layout_layer_cave, basic_altar, uniq_fannar, uniq_gastronok
Lair:2:   dreamdust_cave_troll, layout_cave_pods, enter_volcano_1
Lair:3:   layout_long_grid, dummy_snake_entry, grunt_megastairs_4,
          lemuel_fruit_tree, lemuel_fruit_fields
Lair:4:   layout_roguey, elwin_shoals_entry_rooms, serial_bayou,
          serial_bayou_shore_a, serial_bayou_lagoon_a, serial_bayou_pond_d,
          serial_bayou_ford_a, uniq_nergalle, uniq_sonja
Abyss:2:  base: D:15, evilmike_abyss_exit_12, bh_abyss_exit_grid

Skill      XL: |  1  2  3  4  5  6  7  8  9 10 11 12 13 |
---------------+----------------------------------------+-----
Transmutations | 2 3 4 5 6 7 |  7.1
Spellcasting   | 5 6 7 8 9 |  9.6
Invocations    | 1 2 3 4 5 6 7 8 |  8.9
Fighting       | 1 2 3 4 5 6 7 8 |  8.1
Short Blades   | 1 2 3 4 5 6 7 8 |  8.1
Long Blades    | 1 2 3 4 5 6 7 8 |  8.1
Axes           | 1 2 3 4 5 6 7 8 |  8.1
Maces & Flails | 1 2 3 4 5 6 7 8 |  8.1
Polearms       | 1 2 3 4 5 6 7 8 |  8.1
Staves         | 1 2 3 4 5 6 7 8 |  8.1
Slings         | 1 2 3 4 5 6 7 8 |  8.1
Bows           | 1 2 3 4 5 6 7 8 |  8.1
Crossbows      | 1 2 3 4 5 6 7 8 |  8.1
Throwing       | 1 2 3 4 5 6 7 8 |  8.1
Armour         | 1 2 3 4 5 6 7 8 |  8.1
Shields        | 1 2 3 4 5 6 7 8 |  8.1
Unarmed Combat | 1 2 3 4 5 6 7 8 |  8.1
Evocations     | 1 2 3 4 5 6 7 8 |  8.1
Conjurations   | 1 2 3 4 5 6 |  6.8
Hexes          | 1 2 3 4 5 6 |  6.8
Summonings     | 1 2 3 4 5 6 |  6.8
Necromancy     | 1 2 3 4 5 6 |  6.8
Translocations | 1 2 3 4 5 6 |  6.8
Fire Magic     | 1 2 3 4 5 6 |  6.8
Ice Magic      | 1 2 3 4 5 6 |  6.8
Air Magic      | 1 2 3 4 5 6 |  6.8
Poison Magic   | 1 2 3 4 5 6 |  6.8
Dodging        | 5 6 7 8 9 |  9.4
Stealth        | 5 6 7 8 9 |  9.2
Earth Magic    | 6 7 8 |  8.8

Action                   |  1- 3 |  4- 6 |  7- 9 | 10-12 | 13-15 || total
-------------------------+-------+-------+-------+-------+-------++-------
Melee: Trident           |       |    11 |       |       |       ||    11
       Bite              |       |     9 |     1 |     8 |     3 ||    21
       Staff             |       |     9 |    10 |    63 |     8 ||    90
 Fire: Hunting sling     |       |     5 |     7 |    30 |       ||    42
 Cast: Sandblast         |    34 |    54 |   118 |   189 |       ||   395
       Stone Arrow       |       |     2 |    21 |    83 |    54 ||   160
       Petrify           |       |       |     1 |     1 |       ||     2
       Borgnjor's Vile C |       |       |       |    15 |     8 ||    23
       Animate Dead      |       |       |       |     5 |     3 ||     8
       Iskenderun's Batt |       |       |       |       |     8 ||     8
Invok: Curse Item        |       |     1 |     3 |     2 |       ||     6
Evoke: Wand              |       |       |     8 |     4 |       ||    12
       Lightning rod     |       |       |       |     4 |       ||     4
  Use: Scroll            |     2 |     2 |     4 |     7 |     3 ||    18
       Potion            |       |       |     1 |     3 |     4 ||     8
 Stab: Distracted        |       |       |       |     3 |       ||     3
Armor: Robe              |     3 |     2 |     3 |       |       ||     8
       Leather armour    |       |       |    21 |       |       ||    21
       Swamp dragon scal |       |       |     5 |   167 |    16 ||   188
Dodge: Dodged            |    17 |    28 |    95 |   275 |    35 ||   450

Table legend: (Time is in decaauts)
 A = Elapsed time spent in this place.
 B = Non-inter-level travel time spent in this place.
 C = Inter-level travel time spent in this place.
 D = Time resting spent in this place.
 E = Time spent auto-exploring this place.
 F = Levels seen in this place.
 G = Mean time per level.
                   A        B        C        D        E       F      G
               +--------+--------+--------+--------+--------+-----+--------+
         Total |  22653 |  21641 |   1012 |   7892 |  10315 |  16 | 1415.8 |
       Dungeon |  17077 |  16149 |    928 |   6464 |   7235 |  11 | 1552.5 |
          Lair |   5236 |   5152 |     84 |   1253 |   3080 |   4 | 1309.0 |
         Abyss |    339 |    339 |      0 |    175 |      0 |   1 |  339.0 |
               +--------+--------+--------+--------+--------+-----+--------+

Top non-repeatable levels by time:
     D:4: 2200 daAuts
     D:8: 2175 daAuts
     D:7: 2130 daAuts
     D:5: 2019 daAuts
  Lair:1: 1928 daAuts
    D:11: 1702 daAuts
     D:6: 1384 daAuts
     D:1: 1383 daAuts
  Lair:2: 1335 daAuts
     D:3: 1333 daAuts
  Lair:3: 1260 daAuts
     D:9: 965 daAuts
    D:10: 957 daAuts
     D:2: 824 daAuts
  Lair:4: 712 daAuts
